 Dungeon Crawl Stone Soup version 0.31.0-11-ge490571c62 (webtiles) character file.

Game seed: 14824500133745521146

45 Bravepunisher the Ducker (level 3, -6/20 HPs)
             Began as a Spriggan Monk on Jan 26, 2024.
             Killed by divine providence
             ... invoked by an orc priest
              (15 damage)
             ... on level 4 of the Dungeon.
             The game lasted 00:02:55 (713 turns).

Bravepunisher the Ducker (Spriggan Monk)             Turns: 713, Time: 00:02:56

Health: -6/20      AC:  3    Str:  7    XL:     3   Next: 42%
Magic:  4/4        EV: 20    Int: 11    God:
Gold:   31         SH:  0    Dex: 19    Spells: 2/2 levels left

rFire   . . .        a - +0 short sword
rCold   . . .        (no shield)
rNeg    . . .        b - +0 robe
rPois   .            (helmet restricted)
rElec   .            e - +0 cloak
rCorr   .            (gloves unavailable)
SInv    +            (boots unavailable)
Will    .....        (no amulet)
Stlth   ++           (no ring)
HPRegen 0.23/turn    (no ring)
MPRegen 0.09/turn

%: no passive effects
@: very quick
A: very small, no large weapons, unfitting armour, see invisible, speed 3
a: no special abilities


You were on level 4 of the Dungeon.
You visited 1 branch of the dungeon, and saw 4 of its levels.

You collected 31 gold pieces.

Inventory:

Hand Weapons
 a - a +0 short sword (weapon)
Armour
 b - a +0 robe (worn)
 e - a +0 cloak (worn)
Scrolls
 d - a scroll of amnesia {unknown}
 h - a scroll of identify {unknown}
Potions
 c - a potion of ambrosia
 f - a potion of heal wounds {unknown}
 g - a potion of invisibility {unknown}


   Skills:
 * Level 3.3 Fighting
 - Level 3.2 Short Blades
 + Level 4.8 Dodging


You had 2 spell levels left.
You didn't know any spells.
Your spell library was empty.

Dungeon Overview and Level Annotations

Branches:
Dungeon (4/15)
 Temple: D:4-7

Altars:

Annotations:
D:2 Robin
D:4 Menkaure


Innate Abilities, Weirdness & Mutations

You are very small and have problems with some larger weapons.
You are too small for most types of armour.
You have supernaturally acute eyesight. (SInv)
You cover ground extremely quickly. (Speed+++)


Message History

You see here a scroll labelled XUTHUYQOPU.
You barely miss the adder. The adder barely misses you.
You hit the adder.
The adder is heavily wounded.
The adder closely misses you.
You miss the adder.
The adder is heavily wounded.
The adder closely misses you.
You barely miss the adder.
The adder is heavily wounded.
The adder barely misses you.
You hit the adder.
The adder is almost dead.
The adder bites you.
You completely miss the adder.
The adder is almost dead.
The adder completely misses you. The adder closely misses you.
You hit the adder.
You kill the adder!
HP restored.
h - a scroll labelled XUTHUYQOPU You now have 31 gold pieces (gained 12).
An orc and an orc priest come into view.
Found a stone staircase leading down.
An orc comes into view. It is wielding a +0 hand axe.
Found a pair of boots.
Found a scroll labelled EMNICUOKORR and 11 gold pieces.
The orc shouts! x2; You hear a shout!
Found a scroll labelled MIPOBBO ZICHYLL.
Found a stone staircase leading up.
The orc priest calls down the wrath of Beogh upon you.
Beogh smites you!
Ouch! That really hurt!
Menkaure, Prince of Dust comes into view.
Found a scroll labelled ARUTIS BEKYO.
Menkaure shouts!
The orc priest calls down the wrath of Beogh upon you.
Beogh smites you!
Ouch! That really hurt!
You die...

.# ## #.### .. #...#
.###.#.### ...#....
#.##..# #.##..###.#
#. #....@....#
##.########..#..##..#
.............#..# #
#....##.######..#
#....##.# #..#
........# #..#
?.......# #o..
......$.# #... #
#....##.#### >##


You could see an orc priest.

Vanquished Creatures
  2 adders
  A ball python (D:1)
  2 endoplasms
  4 giant cockroaches
  9 goblins
  A hobgoblin (D:1)
  A quokka (D:1)
  A bat (D:2)
  A frilled lizard (D:1)
  A kobold (D:1)
  A rat (D:1)
24 creatures vanquished.

Notes
Turn   | Place    | Note
-------+----------+-------------------------------------------
     0 | D:1      | Bravepunisher the Spriggan Monk began the quest for the
                  | Orb.
     0 | D:1      | Reached XP level 1. HP: 11/11 MP: 2/2
   204 | D:1      | Reached XP level 2. HP: 13/16 MP: 3/3
   223 | D:1      | Found a faded altar of an unknown god.
   412 | D:2      | Noticed Robin
   421 | D:2      | Reached XP level 3. HP: 11/20 MP: 4/4
   699 | D:4      | Noticed Menkaure
   713 | D:4      | Killed from afar by an orc priest

Illustrated notes

Levels and vault maps discovered:
D:1:      lemuel_arrival_room, layout_rooms, ebering_ecumenical_altar_mist,
          minmay_shallow_snake_nest
D:2:      layout_loops_corners, serial_shops, nicolae_shop_rolling_square,
          nicolae_book_shop_shelving, nicolae_shop_bloodbath_and_beyond, shop,
          nicolae_shop_window_shopping, corexii_hall_statues_x,
          hangedman_decor_push, uniq_robin
D:3:      layout_loops_ring, hangedman_decor_diamond_cutter, minivault_14,
          chequers_serial_rivers_small_3
D:4:      layout_loops_ring, kennysheep_mini_moat,
          minmay_temple_entry_sparse_star, nicolae_kite_square_tiling_tiny,
          uniq_eustachio, uniq_menkaure

Skill      XL: |  1  2 |
---------------+-------+-----
Fighting       | 3 |  3.3
Short Blades   | |  3.2
Dodging        | |  4.8

Action                     || total
---------------------------++-------
  Melee: Short sword       ||   100
   Stab: Sleeping          ||     2
 Armour: Robe              ||    33
  Dodge: Dodged            ||    89
